 Dungeon Crawl Stone Soup version 0.27.1-34-g3ba077fa99 (webtiles) character file.

Game seed: 11792793137712965195

96 Descartes the Grasshopper (level 4, -3/23 HPs)
             Began as a Spriggan Warper on Jan 9, 2022.
             Was a Believer of Zin.
             Slain by a gnoll (10 damage)
             ... on level 3 of the Dungeon.
             The game lasted 00:09:45 (4337 turns).

Descartes the Grasshopper (Spriggan Warper)         Turns: 4337, Time: 00:09:45

Health: -3/23      AC:  6    Str:  8    XL:     4   Next: 41%
Magic:  9/9        EV: 18    Int: 14    God:    Zin [**....]
Gold:   125        SH:  0    Dex: 14    Spells: 9/9 levels left

rFire    . . .     SeeInvis +   a - +0 short sword
rCold    . . .     Faith    .   (shield restricted)
rNeg     . . .     Spirit   .   b - +0 robe
rPois    .         Reflect  .   (helmet restricted)
rElec    .         Harm     .   (no cloak)
rCorr    .         Rampage  .   (gloves unavailable)
Will     .....                  (boots unavailable)
Stlth    ++........             (no amulet)
HPRegen  0.07/turn              i - +4 ring of protection
MPRegen  0.11/turn              p - ring of wizardry

@: very quick
A: very small, no large weapons, unfitting armour, see invisible, speed 3
a: Renounce Religion, Recite, Vitalisation, Donate Gold


You were on level 3 of the Dungeon.
You worshipped Zin.
Zin was pleased with you.
You visited 1 branch of the dungeon, and saw 4 of its levels.

You collected 138 gold pieces.
You donated 13 gold pieces to Zin.

Inventory:

Hand Weapons
 a - a +0 short sword (weapon)
Missiles
 d - 5 boomerangs of dispersal (quivered)
 g - 76 stones
 k - 8 poisoned darts
Armour
 b - a +0 robe (worn)
Jewellery
 i - a +4 ring of protection (left hand)
 p - a ring of wizardry (right hand)
Scrolls
 c - a scroll of blinking
 f - 5 scrolls of identify {unknown}
 h - 2 scrolls of noise {unknown}
 j - a scroll of fog {unknown}
 m - a scroll of immolation {unknown}
 q - a scroll of amnesia {unknown}
 u - a scroll of vulnerability {unknown}
 v - a scroll of teleportation {unknown}
Potions
 e - 2 potions of heal wounds {unknown}
 l - a potion of lignification {unknown}
 n - a potion of berserk rage
 o - a potion of invisibility {unknown}
 r - a potion of degeneration {unknown}
 s - a potion of flight {unknown}
 t - a potion of brilliance {unknown}


   Skills:
 + Level 2.1 Fighting
 + Level 2.9 Short Blades
 - Level 1.0 Throwing
 + Level 4.1 Dodging
 + Level 2.5 Stealth
 - Level 3.0 Spellcasting
 + Level 5.1 Translocations
 + Level 0.1 Invocations


You had 9 spell levels left.
You didn't know any spells.
Your spell library contained the following spells:

 Spells                   Type           Power      Damage    Failure   Level
 Blink                    Tloc           N/A        N/A       1%          2
 Gell's Gravitas          Tloc           8%         N/A       3%          3
 Lesser Beckoning         Tloc           8%         N/A       3%          3
 Teleport Other           Tloc           16%        N/A       3%          3
 Manifold Assault         Tloc           16%        N/A       26%         5


Dungeon Overview and Level Annotations

Branches:
Dungeon (4/15)
 Temple: D:4-7

Altars:
Sif Muna
Zin

Annotations:
D:3 Ijyb, Terence
D:4 Edmund


Innate Abilities, Weirdness & Mutations

You are very small and have problems with some larger weapons.
You are too small for most types of armour.
You have supernaturally acute eyesight. (SInv)
You cover ground extremely quickly. (Speed+++)


Message History

A gnoll is nearby!
You fail to use your ability.
Terence is nearby!
You see here a +0 dagger.
You see here a +0 dagger.
No target in view!
The gnoll shouts!
You hit the gnoll.
The gnoll is lightly wounded.
You closely miss the gnoll.
The gnoll is lightly wounded.
The gnoll hits you with a +0 flail.
You hit the gnoll but do no damage.
The gnoll is lightly wounded.
The gnoll completely misses you.
You hit the gnoll.
The gnoll is moderately wounded.
The gnoll misses you.
You hit the gnoll but do no damage.
The gnoll is moderately wounded.
The gnoll hits you with a +0 flail!
You hit the gnoll.
The gnoll is heavily wounded.
The gnoll completely misses you.
You hit the gnoll.
The gnoll is severely wounded.
The gnoll closely misses you.
You closely miss the gnoll.
The gnoll is severely wounded.
The gnoll hits you with a +0 flail.
You hit the gnoll but do no damage.
The gnoll is severely wounded.
The gnoll closely misses you.
You completely miss the gnoll.
The gnoll is severely wounded.
The gnoll completely misses you.
You barely miss the gnoll.
The gnoll is severely wounded.
The gnoll hits you with a +0 flail!
You die...

#.## #......# #.# ##.......###
.## ######.# #.# #######.... .#
#.# #.# ##### .# #.# #.# .# #.#
#.# .###### #.# #.# ......# #.#
#.# ...##.## #.# #g# ..##...##
#.####@### .##.....###.##.....#
.#.....).#..##.###.##############
....._.........# #....##.........
.#.......#####.###.##.##.########
.##.....## #.....##.##.#
..##@..## ###.####)##.#
...##.##########.# #.##.#
#................# #.##.#


You could see a gnoll.

Vanquished Creatures
  Jessica (D:3)
  2 gnolls
  2 adders
  2 ball pythons
  3 bats
  4 endoplasms
  4 giant cockroaches (D:1)
  2 goblins (D:1)
  4 hobgoblins
  A quokka (D:1)
  6 frilled lizards
  3 kobolds
  A rat (D:2)
35 creatures vanquished.

Notes
Turn   | Place    | Note
-------+----------+-------------------------------------------
     0 | D:1      | Descartes the Spriggan Warper began the quest for the Orb.
     0 | D:1      | Reached XP level 1. HP: 10/10 MP: 5/5
   775 | D:1      | Reached skill level 1 in Stealth
   776 | D:1      | Reached XP level 2. HP: 8/15 MP: 6/6
  1475 | D:2      | Found a faded altar of an unknown god.
  1477 | D:2      | Noticed a shining eye
  1477 | D:2      | Noticed an eye of devastation
  1478 | D:2      | Noticed a great orb of eyes
  1478 | D:2      | Noticed an eye of devastation
  1483 | D:2      | Became a worshipper of Zin the Law-Giver
  1483 | D:2      | Reached * piety under Zin
  1616 | D:2      | Reached XP level 3. HP: 11/18 MP: 8/8
  1864 | D:2      | Reached ** piety under Zin
  2255 | D:3      | Found a shimmering blue altar of Sif Muna.
  2304 | D:3      | Noticed Terence
  3025 | D:3      | Reached skill level 5 in Translocations
  3047 | D:3      | Noticed Ijyb
  3091 | D:3      | You fall into a shaft and drop 1 floor!
  3368 | D:4      | Noticed Edmund
  3514 | D:3      | Noticed Jessica
  3530 | D:3      | Killed Jessica
  3531 | D:3      | Reached XP level 4. HP: 20/23 MP: 9/9
  3841 | D:3      | HP: 1/23 [gnoll (8)]
  4337 | D:3      | Slain by a gnoll

Illustrated notes

Levels and vault maps discovered:
D:1:      psy_arrival_dodecagon, layout_loops_ring, nrook_campfire,
          minmay_misc_feat_secret_circle, minmay_tetromino_t4
D:2:      layout_loops_cross, hellmonk_ecumenical_altar_watching_god
D:3:      layout_loops_ring, lemuel_round_altar, uniq_jessica, uniq_ijyb,
          uniq_terence
D:4:      layout_basic, kennysheep_generic_room_8, uniq_duvessa, uniq_edmund

Skill      XL: |  1  2  3 |
---------------+----------+-----
Stealth        | 1 2 |  2.5
Spellcasting   | 3 |  3.0
Fighting       | 2 |  2.1
Translocations | 5 |  5.1
Dodging        | 4 |  4.1
Short Blades   | |  2.9
Throwing       | |  1.0
Invocations    | |  0.1

Action                   |  1- 3 |  4- 6 || total
-------------------------+-------+-------++-------
Melee: Short sword       |   190 |    46 ||   236
Invok: Recite            |     6 |     1 ||     7
 Stab: Sleeping          |     4 |       ||     4
Armor: Robe              |    23 |     6 ||    29
Dodge: Dodged            |   114 |    34 ||   148
